 Dungeon Crawl Stone Soup version 0.19-a0-742-g4563caa (webtiles) character file.

729 st0uf the Vandal (level 8, 0/56 HPs)
             Began as a Formicid Arcane Marksman on June 23, 2016.
             Was a Believer of Fedhas.
             Slain by an ice beast (9 damage)
             ... on level 5 of the Dungeon.
             The game lasted 00:26:11 (5408 turns).

st0uf the Vandal (Formicid Arcane Marksman)         Turns: 5408, Time: 00:26:14

Health: 0/56       AC:  5    Str: 17    XL:     8   Next: 3%
Magic:  0/11       EV: 13    Int: 12    God:    Fedhas [**....]
Gold:   183        SH:  0    Dex: 12    Spells: 1 memorised, 11 levels left

rFire  . . .     SeeInvis +     a - +0 hunting sling
rCold  . . .     Gourm    .     e - +0 robe
rNeg   . . .     Faith    .     (no shield)
rPois  +         Spirit   +     (helmet unavailable)
rElec  .         Dismiss  .     (no cloak)
rCorr  .         Reflect  .     u - +2 pair of gloves
SustAt .         Harm     .     (no boots)
MR     +....                    A - amulet of guardian spirit
Stlth  ++........               E - ring of poison resistance
                                k - ring of protection from magic

@: somewhat resistant to hostile enchantments, unstealthy
A: permanent stasis, dig shafts and tunnels, four strong arms, antennae 3
a: Dig, Shaft Self, Evolution, Sunlight, Renounce Religion


You were on level 5 of the Dungeon.
You worshipped Fedhas.
Fedhas was pleased with you.
You were not hungry.

You visited 1 branch of the dungeon, and saw 5 of its levels.

You collected 183 gold pieces.

Inventory:

Hand Weapons
 a - a +0 hunting sling (weapon)
 j - a +0 short sword
 s - a +0 hand axe
 G - a cursed -2 hunting sling
Missiles
 d - 32 sling bullets (quivered)
 n - 76 stones
 I - a throwing net
Armour
 e - a +0 robe (worn)
 u - a +2 pair of gloves (worn)
Jewellery
 k - a ring of protection from magic (left hand)
 A - an amulet of guardian spirit (around neck)
 E - a ring of poison resistance (right hand)
Wands
 F - a wand of slowing (31/48)
Scrolls
 i - a scroll of fear {unknown}
 l - 3 scrolls of teleportation {unknown}
 m - 4 scrolls of remove curse {unknown}
 o - a scroll of enchant armour {unknown}
 p - 9 scrolls of identify {unknown}
 q - 2 scrolls of fog {unknown}
 v - a scroll of immolation {unknown}
 y - 3 scrolls of random uselessness {unknown}
Potions
 b - 3 potions of agility {unknown}
 g - a potion of magic {unknown}
 h - a potion of heal wounds
 r - a potion of brilliance {unknown}
 t - a potion of invisibility {unknown}
 w - 2 potions of cancellation {unknown}
 z - 2 potions of flight {unknown}
 B - a potion of cure mutation {unknown}
 H - 2 potions of beneficial mutation {unknown}
Books
 c - a book of Debilitation

   Spells                             Type                      Level
   a - Corona                         Hexes                        1
   b - Slow                           Hexes                        2
   c - Gell's Gravitas                Hexes/Translocation          3
   d - Inner Flame                    Hexes/Fire                   3
   e - Cause Fear                     Hexes                        4
   f - Leda's Liquefaction            Hexes/Earth                  4
Comestibles
 f - 3 bread rations
 x - a slice of pizza
 C - a royal jelly
 D - 5 fruits


   Skills:
 + Level 2.0 Fighting
 - Level 0.2 Short Blades
 + Level 6.6 Slings
 + Level 3.6 Dodging
 + Level 1.5 Stealth
 + Level 2.5 Spellcasting
 + Level 5.3 Hexes


You had 11 spell levels left.
You knew the following spells:

 Your Spells              Type           Power        Failure   Level  Hunger
a - Corona                Hex            ##.....      3%          1    #......


Dungeon Overview and Level Annotations

Branches:
Dungeon (5/15)
 Temple: D:4-7

Altars:
Cheibriados
Dithmenos
Fedhas
Gozag
Hepliaklqana
Nemelex Xobeh
Yredelemnul
Zin


Innate Abilities, Weirdness & Mutations

You are under a permanent stasis effect.
You can dig through walls and to a lower floor.
Your four strong arms can wield two-handed weapons with a shield.
You have a pair of large antennae on your head. (SInv)


Message History

Quiver which item? (- for none, * to show all) (? for menu, Esc to quit)
Quivering
d - 34 sling bullets for slings.
Firing (i - inventory. (,) - cycle):
d - 34 sling bullets (quivered)
Press: ? - help, Shift-Dir - straight line, f/p - ice beast
Aim: an ice beast (moderately wounded, softly glowing)
You shoot a sling bullet.
The sling bullet closely misses the ice beast.
The ice beast hits you. The ice beast freezes you.
* * * LOW HITPOINT WARNING * * *
You are too injured to fight recklessly!
Firing (i - inventory. (,) - cycle):
d - 33 sling bullets (quivered)
Press: ? - help, Shift-Dir - straight line, f/p - ice beast
Aim: an ice beast (moderately wounded, softly glowing)
You shoot a sling bullet. The sling bullet hits the ice beast.
The ice beast is heavily wounded.
The ice beast hits you.
* * * LOW HITPOINT WARNING * * *
The ice beast freezes you!
You die...
Fedhas appreciates your contribution to the ecosystem.

#.#....###.# #..##.##.
#..........#####..##.##.
##......#..............<.
......>...#..###......##.
#.....................
#..(.#....###.........
#....#......#.........
#.#.#..#....#.#....####.
.........@...........# #)
.....(...Y(((........####.
.######.(#(#............#.
#.(#(#..#.##...####.
##(#(#..#.##...# #.
#(#.#..#.##...####.
...(............##. .. .(
.........###.
...##....###.


You could see an ice beast.

Vanquished Creatures
  Eustachio (D:4)
  A centaur (D:4)
  A howler monkey (D:4)
  3 crimson imps (D:5)
  A centaur zombie (D:5)
  2 hounds (D:4)
  A jelly (D:3)
  Robin (D:4)
  10 adders
  4 oozes
  An adder skeleton (D:4)
  3 worms
  2 dart slugs
  3 giant geckos
  12 orcs
  3 ball pythons
  4 giant cockroaches
  14 goblins
  12 hobgoblins
  8 jackals (D:1)
  2 quokkas (D:2)
  7 bats
  A giant gecko skeleton (D:4)
  16 giant newts
  8 kobolds
  8 rats
129 creatures vanquished.

Vanquished Creatures (others)
  50 toadstools
50 creatures vanquished.

Grand Total: 179 creatures vanquished

Notes
Turn   | Place    | Note
--------------------------------------------------------------
     0 | D:1      | st0uf the Formicid Arcane Marksman began the quest for the Orb.
     0 | D:1      | Reached XP level 1. HP: 15/15 MP: 2/2
   148 | D:1      | Reached XP level 2. HP: 21/21 MP: 3/3
   632 | D:1      | Reached XP level 3. HP: 26/26 MP: 4/4
  1516 | D:2      | Reached XP level 4. HP: 30/32 MP: 2/5
  1583 | D:2      | Found a snail-covered altar of Cheibriados.
  1583 | D:2      | Found a blossoming altar of Fedhas.
  1884 | D:2      | Found a shadowy altar of Dithmenos.
  1895 | D:2      | Found a glowing silver altar of Zin.
  2017 | D:2      | Became a worshipper of Fedhas Madash
  2120 | D:2      | Reached skill level 1 in Stealth
  2134 | D:2      | Reached skill level 3 in Slings
  2200 | D:2      | Reached XP level 5. HP: 38/38 MP: 6/6
  2749 | D:3      | Reached skill level 4 in Slings
  2805 | D:3      | Found a sparkling altar of Nemelex Xobeh.
  3039 | D:3      | Reached * piety under Fedhas
  3140 | D:3      | Reached XP level 6. HP: 21/44 MP: 3/8
  3385 | D:4      | Found a basalt altar of Yredelemnul.
  3427 | D:4      | Reached skill level 5 in Hexes
  3572 | D:4      | Reached skill level 5 in Slings
  3727 | D:4      | Noticed Eustachio
  3747 | D:4      | Killed Eustachio
  3747 | D:4      | Reached XP level 7. HP: 17/50 MP: 6/10
  3958 | D:4      | Noticed Robin
  3982 | D:4      | Killed Robin
  4057 | D:4      | Reached skill level 6 in Slings
  4122 | D:4      | Reached ** piety under Fedhas
  4369 | D:4      | Found a hazy altar of Hepliaklqana.
  4371 | D:4      | Found an opulent altar of Gozag.
  4415 | D:4      | Found an opulent altar of Gozag.
  4991 | D:5      | Entered Level 5 of the Dungeon
  5388 | D:5      | Reached XP level 8. HP: 39/56 MP: 8/11
  5408 | D:5      | Slain by an ice beast

Vault maps used:
D:1:      dpeg_arrival_tiny_a
D:2:      grunt_temple_overflow_cloverleaf, first_bread, minmay_lizard_king
D:3:      nemelex_xobeh_ov_fountains_minmay, minmay_misc_feat_tower
D:4:      nicolae_overflow_crystal_walls, nicolae_overflow_hidden_temple,
          nicolae_gozag_cash_rules_everything_around_me, uniq_robin,
          uniq_eustachio

Skill      XL: |  1  2  3  4  5  6  7 |
---------------+----------------------+-----
Dodging        | 2 3 |  3.6
Hexes          | 4 5 |  5.3
Stealth        | 1 |  1.5
Slings         | 3 4 5 6 |  6.6
Spellcasting   | 2 |  2.5
Fighting       | 2 |  2.0
Short Blades   | |  0.2

Action                   |  1- 3 |  4- 6 |  7- 9 || total
-------------------------+-------+-------+-------++-------
Melee: Short sword       |   103 |       |       ||   103
       Hand axe          |     6 |       |       ||     6
 Fire: Hunting sling     |    30 |   276 |   203 ||   509
 Cast: Corona            |     4 |    35 |    30 ||    69
 Abil: Dig               |       |     1 |     2 ||     3
 Stab: Sleeping          |     1 |       |       ||     1
  Eat: Chunk             |     2 |     8 |     6 ||    16
Armor: Robe              |    20 |    54 |    22 ||    96
Dodge: Dodged            |    83 |   134 |    61 ||   278
